 Dungeon Crawl Stone Soup version 0.25-a0-937-gcfae464cf3 (webtiles) character file.

Game seed: 7494330196438045466, levelgen mode: deterministic

1541 wullow the Magician (level 8, -6/60 HPs)
             Began as a Demonspawn Venom Mage on May 4, 2020.
             Mangled by an orc warrior
             ... wielding a +0 trident
              (17 damage)
             ... on level 6 of the Dungeon.
             The game lasted 00:23:02 (5950 turns).

wullow the Magician (Demonspawn Venom Mage)         Turns: 5950, Time: 00:23:03

Health: -6/60      AC:  6    Str: 11    XL:     8   Next: 56%
Magic:  0/26       EV: 12    Int: 17    God:
Gold:   315        SH:  0    Dex: 13    Spells: 10/19 levels left

rFire    . . .     SeeInvis .   d - +2 short sword (freeze)
rCold    . . .     Gourm    .   (no shield)
rNeg     . . .     Faith    .   a - +0 robe
rPois    .         Spirit   +   (helmet restricted)
rElec    .         Reflect  .   h - +0 cloak
rCorr    .         Harm     .   (no gloves)
MR       .....                  (no boots)
Stlth    ++........             (no amulet)
HPRegen  0.20/turn              (no ring)
MPRegen  0.40/turn              r - ring of magical power

@: very slightly contaminated
A: antennae 1, molten scales 2, magic shield, magic regeneration
a: no special abilities


You were on level 6 of the Dungeon.
You were not hungry.

You visited 1 branch of the dungeon, and saw 6 of its levels.

You collected 315 gold pieces.

Inventory:

Hand Weapons
 d - a +2 short sword of freezing (weapon)
 e - a +0 dagger
Missiles
 f - 193 stones (quivered)
 g - 39 sling bullets
 q - 62 arrows
 w - 5 poisoned darts
Armour
 a - a +0 robe (worn)
 h - a +0 cloak (worn)
Jewellery
 r - a ring of magical power (right hand)
Scrolls
 b - a scroll of identify
 k - 4 scrolls of remove curse
 l - 2 scrolls of teleportation
 o - a scroll of magic mapping
 p - a scroll of amnesia
 t - 2 scrolls of immolation
 u - a scroll of enchant weapon
 v - a scroll of random uselessness {unknown}
Potions
 i - 2 potions of degeneration
 j - 2 potions of stabbing {unknown}
 m - 3 potions of heal wounds {unknown}
 s - a potion of lignification {unknown}
 x - a potion of berserk rage {unknown}
 z - a potion of might {unknown}
 A - a potion of magic {unknown}
 B - a potion of flight {unknown}
Comestibles
 c - 7 rations
 n - 7 chunks of flesh


   Skills:
 + Level 4.1 Fighting
 + Level 3.3 Short Blades
 - Level 1.7 Dodging
 - Level 1.7 Stealth
 * Level 6.0 Spellcasting
 - Level 2.0 Conjurations
 - Level 2.0 Transmutations
 + Level 1.9 Fire Magic
 - Level 2.0 Air Magic
 + Level 5.2 Poison Magic


You had 10 spell levels left.
You knew the following spells:

 Your Spells              Type           Power        Failure   Level  Hunger
a - Sting                 Tmut/Pois      ###.         3%          1    None
b - Poisonous Vapours     Pois/Air       ###...       4%          2    None
c - Mephitic Cloud        Conj/Pois/Air  ###.....     11%         3    ##.....
d - Ignite Poison         Fire/Tmut/Pois ###.....     11%         3    ##.....

Your spell library contained the following spells:

 Spells                   Type           Power        Failure   Level  Hunger
 Olgreb's Toxic Radiance  Pois           ###.....     16%         4    ####...


Dungeon Overview and Level Annotations

Branches:
Dungeon (6/15)             Temple (0/1) D:6

Altars:
Ashenzari
Cheibriados
Gozag
Okawaru
Vehumet
Zin

Annotations:
D:6 Edmund


Innate Abilities, Weirdness & Mutations

You have a pair of small antennae on your head.
You are mostly covered in molten scales. (AC +3)
When hurt, damage is shared between your health and your magic reserves.
You regenerate magic rapidly.


Message History

The orc wizard gestures at you while chanting.
The magic dart hits you!
The phantom blinks!
The phantom blinks!
The orc warrior hits you from afar with a +0 trident!
Found an iron altar of Okawaru.
The orc throws a boomerang.
The boomerang barely misses you.
The weapon returns to the orc!
The bullfrog seems less confused.
The orc throws a boomerang.
The boomerang closely misses you.
The weapon returns to the orc!
The orc warrior hits you from afar with a +0 trident!
* * * LOW HITPOINT WARNING * * *
Edmund clears his throat.
The orc wizard gestures wildly while chanting.
The orc wizard blinks!
The orc hits you but does no damage.
There is a stone staircase leading up here.
Casting: Ignite Poison (dangerous; 11% risk of failure)
Confirm with . or Enter, or press ? or * to list all spells.
You don't know that spell.
The orc warrior hits you from afar with a +0 trident!!
You die...

**,,,,* **,,**,,** ****,,,,,**
**,,**,** *,,,,.#* **,,***
,,,***,,* **,,...# *,** ,,,*
*,,** *,,,...## *,,* ,,**
*,,,###,*,....# *,,* ,,*
**,,,.._,,,...#######**,**** ,,*
**,,,,,#.##*#.........,,,,**,
,,***,,****#...##W........,,..,,,
,,,,,,,** *#...@........,,....,,
,,**,,,,** #....o...######....,,
,,****,,,**###..oo@..###.#....#,,
,** **,,,##.#........##......#**
,* **,...........F.......>.##*
,*** **,...............$......#
,,,****,,..##.......o..........#
,,,,**,,,#,*#...o..............#
**,,,,,,***,#............$.....#*


You could see Edmund, a phantom, an orc warrior, a bullfrog, an orc wizard and 3
orcs.

Vanquished Creatures
  Pikel (D:4)
  Prince Ribbit (D:6)
  Sigmund (D:4)
  Menkaure (D:4)
  2 centaurs (D:5)
  A scorpion (D:5)
  A howler monkey (D:2)
  A crimson imp (D:5)
  A hound (D:4)
  A jelly (D:5)
  2 orc wizards
  An iguana (D:5)
  A worker ant (D:4)
  A gnoll (D:5)
  5 adders
  A howler monkey skeleton (D:4)
  An ooze (D:5)
  4 worms
  3 dart slugs
  4 leopard geckos
  9 orcs
  2 giant cockroaches
  11 hobgoblins
  12 jackals
  12 kobolds
  3 quokkas
  10 bats
  6 frilled lizards
  5 goblins
  7 rats
111 creatures vanquished.

Vanquished Creatures (others)
  A slave (D:4)
  2 orcs (D:4)
  4 toadstools (D:3)
7 creatures vanquished.

Grand Total: 118 creatures vanquished

Notes
Turn   | Place    | Note
-------+----------+-------------------------------------------
     0 | D:1      | wullow the Demonspawn Venom Mage began the quest for the
                  | Orb.
     0 | D:1      | Reached XP level 1. HP: 13/13 MP: 3/3
     4 | D:1      | You fall into a shaft and drop 1 floor!
    31 | D:2      | Reached skill level 1 in Transmutations
   210 | D:1      | Gained mutation: You are partially covered in molten
                  | scales. (AC +2) [demonic ancestry]
   210 | D:1      | Reached XP level 2. HP: 20/20 MP: 0/5
   267 | D:1      | Learned a level 2 spell: Poisonous Vapours
   825 | D:1      | Reached XP level 3. HP: 24/25 MP: 6/6
   994 | D:1      | Learned a level 3 spell: Mephitic Cloud
  1092 | D:2      | Reached skill level 1 in Fighting
  1092 | D:2      | Reached skill level 1 in Air Magic
  1092 | D:2      | Gained mutation: When hurt, damage is shared between your
                  | health and your magic reserves. [demonic ancestry]
  1092 | D:2      | Reached XP level 4. HP: 28/32 MP: 0/7
  1234 | D:2      | Found an opulent altar of Gozag.
  1597 | D:2      | Reached skill level 1 in Conjurations
  1678 | D:2      | Found a radiant altar of Vehumet.
  2734 | D:3      | Gained mutation: You have a pair of small antennae on your
                  | head. [demonic ancestry]
  2734 | D:3      | Reached XP level 5. HP: 37/37 MP: 6/9
  3369 | D:3      | Found a shattered altar of Ashenzari.
  3369 | D:3      | Found a glowing silver altar of Zin.
  3825 | D:4      | Noticed Sigmund
  3834 | D:4      | Killed Sigmund
  3834 | D:4      | Reached skill level 1 in Short Blades
  3834 | D:4      | Reached skill level 3 in Spellcasting
  3834 | D:4      | Gained mutation: You regenerate magic rapidly. [demonic
                  | ancestry]
  3834 | D:4      | Reached XP level 6. HP: 34/44 MP: 0/11
  4305 | D:4      | Noticed Pikel
  4305 | D:4      | Noticed a slave
  4306 | D:4      | Noticed a slave
  4308 | D:4      | Noticed a slave
  4309 | D:4      | Noticed a slave
  4330 | D:4      | Killed Pikel
  4330 | D:4      | Reached skill level 4 in Spellcasting
  4330 | D:4      | Gained mutation: You are mostly covered in molten scales.
                  | (AC +3) [demonic ancestry]
  4330 | D:4      | Reached XP level 7. HP: 52/52 MP: 14/14
  4496 | D:4      | Noticed Menkaure
  4538 | D:3      | Learned a level 3 spell: Ignite Poison
  4650 | D:4      | Reached skill level 5 in Spellcasting
  4709 | D:4      | Killed Menkaure
  5170 | D:5      | Entered Level 5 of the Dungeon
  5184 | D:5      | Reached skill level 1 in Fire Magic
  5184 | D:5      | Reached XP level 8. HP: 55/58 MP: 15/15
  5734 | D:5      | Reached skill level 5 in Poison Magic
  5782 | D:5      | Found a snail-covered altar of Cheibriados.
  5924 | D:6      | Noticed Prince Ribbit
  5935 | D:6      | Killed Prince Ribbit
  5935 | D:6      | Reached skill level 6 in Spellcasting
  5939 | D:6      | Noticed Edmund
  5945 | D:6      | Found an iron altar of Okawaru.
  5950 | D:6      | Mangled by an orc warrior

Levels and vault maps discovered:
D:1:      dpeg_arrival_arbitrary_b, layout_rooms, minmay_misc_feat_enclosed,
          kennysheep_minor_cross, minivault_14
D:2:      layout_basic, grunt_gozag_breadcrumbs, old_standard_altar
D:3:      layout_basic, amethyst_overflow_temple_binary, hex_large,
          minmay_gold_behind_fungi, serial_bayou_pond_c,
          chequers_serial_rivers_small_b, hangedman_abyss_or_decor_lesser_grid
D:4:      layout_gridville, kennysheep_boxes, uniq_pikel, uniq_sigmund,
          uniq_menkaure
D:5:      layout_basic, basic_altar, first_ration, sigmund_army
D:6:      layout_layer_cave, lightli_temple_of_fire, lemuel_crystal_altar,
          minmay_temple_entry_mist, cheibrodos_sewer_entry_sluice,
          minmay_fractal_squares_diagonal_5, uniq_crazy_yiuf_cottage,
          uniq_edmund, uniq_duvessa, uniq_prince_ribbit1, uniq_maggie

Skill      XL: |  1  2  3  4  5  6  7  8 |
---------------+-------------------------+-----
Transmutations | 1 2 |  2.0
Fighting       | 1 2 3 4 |  4.1
Air Magic      | 1 2 |  2.0
Conjurations   | 1 2 |  2.0
Short Blades   | 1 2 3 |  3.3
Spellcasting   | 3 4 5 6 |  6.0
Poison Magic   | 4 5 |  5.2
Fire Magic     | 1 |  1.9
Dodging        | |  1.7
Stealth        | |  1.7

Action                   |  1- 3 |  4- 6 |  7- 9 || total
-------------------------+-------+-------+-------++-------
Melee: Unarmed           |     1 |       |       ||     1
       Dagger            |    25 |       |       ||    25
       Short sword       |       |    51 |    37 ||    88
 Cast: Sting             |    40 |    63 |     2 ||   105
       Poisonous Vapours |       |    27 |    27 ||    54
       Mephitic Cloud    |       |       |    14 ||    14
       Ignite Poison     |       |       |     9 ||     9
  Use: Scroll            |       |     3 |     7 ||    10
  Eat: Chunk             |     1 |    11 |     4 ||    16
       Ration            |       |       |     1 ||     1
Armor: Robe              |    13 |    23 |    16 ||    52
Dodge: Dodged            |    35 |    52 |    31 ||   118

Table legend:
 A = Non-vault XP
 B = Vault XP
 C = Vault XP percentage of total XP
 D = Non-vault monster count
 E = Vault monster count
 F = Vault count percentage of total count
                 A         B        C        D         E       F
            +---------+---------+-------+---------+---------+-------
      Total |     879 |    1323 |  60.1 |     101 |      10 |   9.0
            +---------+---------+-------+---------+---------+-------
        D:1 |      39 |       0 |   0.0 |      20 |       0 |   0.0
        D:2 |     153 |       0 |   0.0 |      35 |       0 |   0.0
        D:3 |      27 |       0 |   0.0 |      13 |       0 |   0.0
        D:4 |     172 |    1024 |  85.6 |      14 |       3 |  17.6
        D:5 |     442 |      25 |   5.4 |      16 |       6 |  27.3
        D:6 |      46 |     274 |  85.6 |       3 |       1 |  25.0
            +---------+---------+-------+---------+---------+-------
